[Event "NJSK 2022 Meisjes A&B - Barrages"]
[Site "Almelo, Netherlands"]
[Date "2022.05.07"]
[Round "8.1"]
[TimeControl "5 min + 3 sec/move"]
[White "Verheij, Dana"]
[Black "Den Heijer, Rolinde"]
[Result "0-1"]
[WhiteElo "1828"]
[BlackElo "1754"]
[PlyCount "82"]

1. e4 c5 2. c3 d5 3. exd5 Qxd5 4. d4 g6 5. Nf3 Bg7 6. Be3 cxd4 7. Nxd4 Nf6 8. Na3 a6 9. Bc4 Qxg2 10. Rf1
O-O 11. Qe2 Nc6 12. O-O-O Qh3 13. Kb1 Nxd4 14. Bxd4 Bf5+ 15. Ka1 e6 16. Nc2 b5
17. Bd3 Bxd3 18. Rxd3 Qh5 19. Qe3 Nd5 20. Qg3 Nf6 21. Rg1 Rab8 22. Ne3 b4 23.
Nc4 Qb5 24. Nd2 Nh5 25. Qe3 bxc3 26. Nb3 cxb2+ 27. Kxb2 a5 28. Ka1 a4 29. Nc5
Qxc5 30. Rb1 Bxd4+ 31. Qxd4 Qxd4+ 32. Rxd4 Rxb1+ 33. Kxb1 Ra8 34. Kc2 Nf6 35.
Kd3 Nd5 36. Kc4 Kg7 37. h4 h5 38. Kc5 a3 39. Kd6 Nc3 40. Ke5 Nxa2 41. Rd2 Nc3 0-1

[Event "NJSK 2022 Meisjes A&B - Barrages"]
[Site "Almelo, Netherlands"]
[Date "2022.05.07"]
[Round "9.1"]
[TimeControl "5 min + 3 sec/move"]
[White "Den Heijer, Rolinde"]
[Black "Verheij, Dana"]
[Result "1-0"]
[WhiteElo "1754"]
[BlackElo "1828"]
[PlyCount "121"]

1. e4 c5 2. Nf3 d6 3. d4 cxd4 4. Nxd4 Nf6 5. Nc3 a6 6. g3 e5 7. Nde2 Be7 8. Bg2 Be6 9. O-O O-O 10. a4 Nbd7 11. h3 Rc8 12. Be3 Nb6 13. b3 d5 14. Bxb6 Qxb6 15.
exd5 Rfd8 16. a5 Qc5 17. Qb1 Nxd5 18. Nxd5 Bxd5 19. c4 Bxg2 20. Kxg2 Rd2 21. Nc3 Rcd8 22. Nd5 Bf8 23. Ra2 Rxa2 24. Qxa2 Qc6 25. Kg1 Qh6 26. Kh2 Bd6 27. Qe2
f5 28. Rg1 f4 29. Qe4 fxg3+ 30. Rxg3 Rf8 31. Rg2 Qe6 32. Qg4 Qxg4 33. hxg4 Bc5 34. Kg3 h6 35. f3 Bd6 36. Re2 e4+ 37. f4 Kh7 38. Rxe4 Rc8 39. Kf3 Rc5 40. b4
Rc8 41. c5 Bf8 42. Ne7 Rd8 43. Nf5 Rd1 44. Rd4 Rf1+ 45. Ke4 Rg1 46. Ne3 Re1 47. Rd7 Rb1 48. Nd5 Re1+ 49. Kf5 Kg8 50. Rxb7 Rb1 51. Ra7 Rd1 52. Rd7 Re1 53. Nb6
Be7 54. Rd4 Kh7 55. Re4 g6+ 56. Ke5 Bf6+ 57. Kd5 Rd1+ 58. Ke6 Bc3 59. Rc4 Be1 60. c6 Rb1 61. c7 1-0